 Dungeon Crawl Stone Soup version 0.27-a0-1612-gde56a17b89 (webtiles) character file.

Game seed: 14436293782308778062

103 dolemite99 the Poker (level 4, 0/33 HPs)
             Began as a Merfolk Hunter on July 22, 2021.
             Was a Believer of Kikubaaqudgha.
             Slain by an adder (1 damage)
             ... on level 3 of the Dungeon.
             The game lasted 00:03:12 (2265 turns).

dolemite99 the Poker (Merfolk Hunter)               Turns: 2265, Time: 00:03:12

Health: 0/33       AC:  3    Str: 13    XL:     4   Next: 79%
Magic:  4/4        EV: 12    Int: 10    God:    Kikubaaqudgha [**....]
Gold:   127        SH:  0    Dex: 14    Spells: 2/3 levels left

rFire    . . .     SeeInvis .   a - +0 spear
rCold    . . .     Faith    .   (no shield)
rNeg     . . .     Spirit   .   b - +0 leather armour
rPois    .         Reflect  .   (no helmet)
rElec    .         Harm     .   (no cloak)
rCorr    .         Rampage  .   (no gloves)
Will     .....                  (no boots)
Stlth    +.........             (no amulet)
HPRegen  0.11/turn              (no ring)
MPRegen  0.09/turn              (no ring)

@: brilliant, lethally poisoned (0 -> -5), attractive, hasted, very quick
A: (nimble swimmer 2), mertail
a: Renounce Religion, Receive Corpses


You were on level 3 of the Dungeon.
You worshipped Kikubaaqudgha.
Kikubaaqudgha was pleased with you.
You visited 1 branch of the dungeon, and saw 3 of its levels.

You collected 127 gold pieces.

Inventory:

Hand Weapons
 a - a +0 spear (weapon)
 f - a +0 short sword
 h - a +0 hunting sling
Missiles
 c - 2 javelins
 d - a throwing net (quivered)
 l - 30 sling bullets
 n - 22 arrows
 o - 16 bolts
Armour
 b - a +0 leather armour (worn)
Jewellery
 g - a ring of magical power
Scrolls
 j - 2 scrolls of magic mapping {unknown}
 m - a scroll of enchant weapon {unknown}
 q - a scroll of amnesia {unknown}
Potions
 e - 2 potions of attraction
 p - a potion of lignification {unknown}


   Skills:
 - Level 2.1 Fighting
 + Level 6.2 Polearms
 - Level 4.0 Throwing
 - Level 2.6 Dodging
 - Level 1.1 Stealth


You had 2 spell levels left.
You knew the following spells:

 Your Spells              Type           Power      Damage    Failure   Level
a - Animate Skeleton      Necr           0%         N/A       43%         1

Your spell library contained the following spells:

 Spells                   Type           Power      Damage    Failure   Level
 Pain                     Necr           0%         1d4       43%         1
 Slow                     Hex            0%         N/A       58%         2
 Sublimation of Blood     Necr           0%         N/A       58%         2
 Confusing Touch          Hex            0%         N/A       82%         3
 Vampiric Draining        Necr           0%         2d6       82%         3
 Animate Dead             Necr           0%         N/A       99%         4
 Leda's Liquefaction      Hex/Erth       0%         N/A       99%         4
 Bolt of Magma            Conj/Fire/Erth 0%         4d4       100%        5
 Statue Form              Tmut/Erth      0%         N/A       100%        6
 Haunt                    Necr/Summ      0%         N/A       100%        7
 Infestation              Necr           0%         N/A       100%        8


Dungeon Overview and Level Annotations

Branches:
Dungeon (3/15)

Altars:
Kikubaaqudgha

Shops:
D:2 [


Innate Abilities, Weirdness & Mutations

((You are quick and stealthy near water. (Stealth+, EV+, Speed+++)))
Your lower body shifts to a powerful aquatic tail in water.


Message History

Kikubaaqudgha accepts your kill.
You see here a +0 mace.
No target in view!
You see here a rat corpse.
The adder hisses angrily.
Unknown command.
The adder barely misses you. The adder bites you.
You are poisoned.
The adder poisons you!
You are too injured to fight recklessly!
You are too injured to fight recklessly!
You are too injured to fight recklessly!
You are too injured to fight recklessly!
You are too injured to fight recklessly!
You barely miss the adder.
You feel sick. The adder bites you.
You hit the adder.
The adder is lightly wounded.
You feel sick. The adder bites you.
* * * LOW HITPOINT WARNING * * *
You are lethally poisoned!
The adder poisons you!
You barely miss the adder.
The adder is lightly wounded.
* * * LOW HITPOINT WARNING * * *
You feel sick. The adder bites you.
* * * LOW HITPOINT WARNING * * *
It was a potion of attraction.
You feel attractive to monsters.
* * * LOW HITPOINT WARNING * * *
You feel sick. The adder barely misses you.
It was a potion of brilliance.
You feel clever all of a sudden.
* * * LOW HITPOINT WARNING * * *
You feel sick. The adder completely misses you. The adder closely misses you.
It was a potion of haste.
You feel yourself speed up.
* * * LOW HITPOINT WARNING * * *
You feel sick. The adder bites you.
You die...
Kikubaaqudgha rasps: "You have failed me!
Welcome... death!"

... ..#. ....#+##########
..#............############
.......>.S.................
..........@................
...............#########...
...#+#.####........# #...
#†# #........# #### #)#
#........# # #.# #.....)..#
#.# #........# #.#
#........# #.. +........#
####


You could see an adder.

Vanquished Creatures
  A howler monkey (D:2)
  A gnoll (D:1)
  An adder (D:2)
  A dart slug (D:2)
  3 orcs (D:3)
  4 endoplasms
  A giant cockroach (D:3)
  3 goblins
  A hobgoblin (D:1)
  7 jackals (D:2)
  6 ball pythons
  4 bats
  A kobold (D:2)
  8 rats
42 creatures vanquished.

Notes
Turn   | Place    | Note
-------+----------+-------------------------------------------
     0 | D:1      | dolemite99 the Merfolk Hunter began the quest for the Orb.
     0 | D:1      | Reached XP level 1. HP: 16/16 MP: 1/1
    95 | D:1      | Reached skill level 2 in Polearms
    95 | D:1      | Reached XP level 2. HP: 22/22 MP: 2/2
    97 | D:1      | Reached skill level 3 in Polearms
   129 | D:1      | Found a faded altar of an unknown god.
   179 | D:1      | Became a worshipper of Kikubaaqudgha
   179 | D:1      | Reached * piety under Kikubaaqudgha
   179 | D:1      | Received a gift from Kikubaaqudgha
   209 | D:1      | Learned a level 1 spell: Animate Skeleton
   517 | D:2      | Found Onis's Antique Armour Emporium.
   526 | D:2      | Noticed a howler monkey
   535 | D:2      | Killed a howler monkey
   536 | D:2      | Reached skill level 5 in Polearms
   536 | D:2      | Reached XP level 3. HP: 14/27 MP: 3/3
   536 | D:2      | Reached XP level 4. HP: 17/33 MP: 4/4
  1424 | D:3      | Reached skill level 6 in Polearms
  1867 | D:2      | Reached ** piety under Kikubaaqudgha
  2265 | D:3      | HP: 1/33 [poisoned by an adder]
  2265 | D:3      | Slain by an adder

Illustrated notes

Levels and vault maps discovered:
D:1:      heliophobic_arrival_dark_side_of_the_moon, layout_rooms,
          hellmonk_ecumenical_altar_crossroads
D:2:      layout_rooms, serial_shops, nicolae_shop_competitors_out_of_business,
          kennysheep_generic_room_9
D:3:      layout_basic, kennysheep_another_room, uniq_sigmund

Skill      XL: |  1  2  3  4 |
---------------+-------------+-----
Polearms       | 2 5 6 |  6.2
Fighting       | |  2.1
Throwing       | |  4.0
Dodging        | |  2.6
Stealth        | |  1.1

Action                   |  1- 3 |  4- 6 || total
-------------------------+-------+-------++-------
Melee: Spear             |    16 |    87 ||   103
Throw: Javelin           |    10 |    10 ||    20
       Throwing net      |       |     1 ||     1
  Use: Potion            |       |     3 ||     3
 Stab: Sleeping          |       |     1 ||     1
Armor: Leather armour    |     2 |    30 ||    32
Dodge: Dodged            |     6 |    84 ||    90

Table legend: (Time is in decaauts)
 A = Elapsed time spent in this place.
 B = Non-inter-level travel time spent in this place.
 C = Inter-level travel time spent in this place.
 D = Time resting spent in this place.
 E = Time spent auto-exploring this place.
 F = Levels seen in this place.
 G = Mean time per level.
                   A        B        C        D        E       F      G
               +--------+--------+--------+--------+--------+-----+--------+
         Total |   2256 |   2160 |     96 |   1043 |    734 |   3 |  752.0 |
       Dungeon |   2256 |   2160 |     96 |   1043 |    734 |   3 |  752.0 |
               +--------+--------+--------+--------+--------+-----+--------+

Top non-repeatable levels by time:
     D:2: 1569 daAuts
     D:1: 518 daAuts
     D:3: 168 daAuts
